 Dungeon Crawl Stone Soup version 0.30-a0-800-g7c544603b3 (webtiles) character file.

Game seed: 8616142897923146063

156 sircluck the Sneak (level 5, -3/31 HPs)
             Began as a Kobold Brigand on Feb 22, 2023.
             Slain by an orc
             ... wielding a +0 flail
              (7 damage)
             ... on level 5 of the Dungeon.
             The game lasted 00:03:14 (1872 turns).

sircluck the Sneak (Kobold Brigand)                 Turns: 1872, Time: 00:03:15

Health: -3/31      AC:  3    Str:  9    XL:     5   Next: 65%
Magic:  5/5        EV: 14    Int: 12    God:
Gold:   73         SH:  0    Dex: 18    Spells: 4/4 levels left

rFire   . . .      SeeInvis .    a - +2 dagger
rCold   . . .      Faith    .    (no shield)
rNeg    . . .      Spirit   .    b - +0 robe
rPois   .          Reflect  .    (no helmet)
rElec   .          Harm     .    c - +0 cloak
rCorr   .          Rampage  .    (no gloves)
Will    .....                    (no boots)
Stlth   +++++                    (no amulet)
HPRegen 0.25/turn                (no ring)
MPRegen 0.09/turn                (no ring)

@: no status effects
A: small, no large weapons, nightstalker 3
a: no special abilities


You were on level 5 of the Dungeon.
You visited 1 branch of the dungeon, and saw 5 of its levels.

You collected 73 gold pieces.

Inventory:

Hand Weapons
 a - a +2 dagger (weapon)
Missiles
 d - 9 poisoned darts (quivered)
 e - 3 curare-tipped darts
 i - 33 stones
Armour
 b - a +0 robe (worn)
 c - a +0 cloak (worn)
Scrolls
 f - a scroll of immolation {unknown}
 g - a scroll of torment {unknown}
 h - a scroll of teleportation {unknown}
Potions
 j - a potion of curing {unknown}


   Skills:
 + Level 2.7 Fighting
 + Level 3.7 Short Blades
 + Level 3.1 Throwing
 + Level 1.9 Dodging
 + Level 7.4 Stealth


You had 4 spell levels left.
You didn't know any spells.
Your spell library contained the following spells:

 Spells                   Type           Power      Damage    Failure   Level
 Lesser Beckoning         Tloc           0%         N/A       45%         2
 Gell's Gravitas          Tloc           0%         N/A       69%         3
 Teleport Other           Tloc           0%         N/A       69%         3


Dungeon Overview and Level Annotations

Branches:
Dungeon (5/15)
 Temple: D:4-7

Altars:


Innate Abilities, Weirdness & Mutations

You are small and have problems with some larger weapons.
You are completely attuned to the shadows.


Message History

An orc wizard is nearby! 2 orcs come into view.
The orc shouts!
The orc shouts!
You hit the orc wizard.
The orc wizard is lightly wounded.
You hit the orc.
The orc is lightly wounded.
You hit the orc.
The orc is moderately wounded.
You hit the orc.
You kill the orc!
You barely miss the orc wizard.
The orc wizard is lightly wounded.
The orc wizard casts a spell.
The orc wizard flickers and vanishes!
Deactivating autopickup; reactivate with Ctrl-A.
You hit something but do no damage. You hit the orc but do no damage.
Something hits you but does no damage. The orc misses you.
You hit something but do no damage. Something hits you but does no damage.
The orc barely misses you.
You barely miss something. You barely miss something.
You hear some strange, mumbled words.
A magic dart appears from out of thin air!
The magic dart hits you! The orc hits you but does no damage.
You hit something. Something hits you but does no damage.
The orc barely misses you.
You miss something.
You hear some strange, mumbled words.
A puff of flame appears from out of thin air!
The puff of flame hits you! The orc hits you with a +0 flail!
* * * LOW HITPOINT WARNING * * *
You miss something. Something barely misses you.
The orc hits you but does no damage.
You hit something. Something hits you.
* * * LOW HITPOINT WARNING * * *
The orc hits you with a +0 flail!
You die...

#..# #
#..# .#
#..#####.#
#..#.....#
#....)..#
#.###.#.#
#. #.#.#
#. ..#.#
####@#
...o{#
######


You could see an orc.

Vanquished Creatures
  A bullfrog (D:5)
  A hound (D:5)
  An iguana (D:4)
  An adder (D:5)
  An orc (D:5)
  5 endoplasms
  A giant cockroach (D:1)
  4 goblins (D:1)
  4 hobgoblins
  A quokka (D:1)
  2 ball pythons (D:1)
  A frilled lizard (D:1)
  4 kobolds (D:1)
  4 rats
31 creatures vanquished.

Notes
Turn   | Place    | Note
-------+----------+-------------------------------------------
     0 | D:1      | sircluck the Kobold Brigand began the quest for the Orb.
     0 | D:1      | Reached XP level 1. HP: 12/12 MP: 1/1
   269 | D:1      | Reached XP level 2. HP: 17/17 MP: 2/2
   353 | D:1      | Reached skill level 6 in Stealth
   599 | D:1      | Reached XP level 3. HP: 21/21 MP: 3/3
  1591 | D:4      | Reached XP level 4. HP: 12/27 MP: 4/4
  1653 | D:5      | Entered Level 5 of the Dungeon
  1707 | D:5      | Noticed an ice beast
  1839 | D:5      | Reached skill level 7 in Stealth
  1849 | D:5      | Noticed a bullfrog
  1851 | D:5      | Killed a bullfrog
  1852 | D:5      | Reached XP level 5. HP: 31/31 MP: 5/5
  1872 | D:5      | Slain by an orc

Illustrated notes

Levels and vault maps discovered:
D:1:      sevenhm_arrival_forest_fort_large_2, layout_basic,
          chequers_serial_rivers_room_a
D:2:      layout_basic
D:3:      layout_basic
D:4:      layout_loops_ring
D:5:      nicolae_cairo_tiling_large, layout_basic

Skill      XL: |  1  2  3  4 |
---------------+-------------+-----
Stealth        | 6 7 |  7.4
Short Blades   | 3 |  3.7
Throwing       | 3 |  3.1
Fighting       | |  2.7
Dodging        | |  1.9

Action                     |  1- 3 |  4- 6 || total
---------------------------+-------+-------++-------
  Melee: Dagger            |    65 |    25 ||    90
         Punch             |     5 |       ||     5
  Throw: Dart              |    19 |       ||    19
   Stab: Sleeping          |    10 |     2 ||    12
 Armour: Robe              |     7 |     7 ||    14
  Dodge: Dodged            |    29 |    10 ||    39

Table legend: (Time is in decaauts)
 A = Elapsed time spent in this place.
 B = Non-inter-level travel time spent in this place.
 C = Inter-level travel time spent in this place.
 D = Time resting spent in this place.
 E = Time spent auto-exploring this place.
 F = Levels seen in this place.
 G = Mean time per level.
                   A        B        C        D        E       F      G
               +--------+--------+--------+--------+--------+-----+--------+
         Total |   1856 |   1555 |    301 |     49 |   1023 |   5 |  371.2 |
       Dungeon |   1856 |   1555 |    301 |     49 |   1023 |   5 |  371.2 |
               +--------+--------+--------+--------+--------+-----+--------+

Top non-repeatable levels by time:
     D:1: 1299 daAuts
     D:5: 214 daAuts
     D:3: 125 daAuts
     D:2: 124 daAuts
     D:4: 93 daAuts
